 Dungeon Crawl Stone Soup version 0.30.0-19-g36f170ea60 (webtiles) character file.

Game seed: 6553123438568995937

72 monsoonserge the Cutter (level 4, -3/32 HPs)
             Began as a Human Wanderer on May 29, 2023.
             Was a Believer of Trog.
             Slain by Sigmund
             ... wielding a +0 scythe
              (6 damage)
             ... on level 2 of the Dungeon.
             The game lasted 00:05:10 (1151 turns).

monsoonserge the Cutter (Human Wanderer)            Turns: 1151, Time: 00:05:10

Health: -3/32      AC:  6    Str: 13    XL:     4   Next: 48%
Magic:  4/4        EV: 16    Int: 12    God:    Trog [**....]
Gold:   85         SH:  0    Dex: 20    Spells: 3/3 levels left

rFire   . . .        a - +3 dagger (venom)
rCold   . . .        (no shield)
rNeg    . . .        k - +0 ring mail
rPois   .            c - +0 helmet
rElec   .            (no cloak)
rCorr   .            (no gloves)
SInv    .            (no boots)
Will    .....        (no amulet) Stlth
                     f - +6 ring of dexterity
HPRegen 0.25/turn    h - +5 ring of evasion
MPRegen 0.09/turn

%: no passive effects
@: confused
A: no striking features
a: Renounce Religion, Berserk, Trog's Hand


You were on level 2 of the Dungeon.
You worshipped Trog.
Trog was pleased with you.
You visited 1 branch of the dungeon, and saw 2 of its levels.

You collected 85 gold pieces.

Inventory:

Hand Weapons
 a - a +3 dagger of venom (weapon)
 b - a +4 sling
 j - a +0 hand axe
 q - a +2 short sword
 r - a +0 war axe
Missiles
 g - 5 poisoned darts (quivered)
Armour
 c - a +0 helmet (worn)
 e - a +0 robe
 k - a +0 ring mail (worn)
Jewellery
 f - a +6 ring of dexterity (left hand)
 h - a +5 ring of evasion (right hand)
Scrolls
 d - a scroll of silence
 i - a scroll of blinking {unknown}
 l - a scroll of enchant weapon {unknown}
 m - 3 scrolls of teleportation {unknown}
 n - a scroll of poison {unknown}
 o - a scroll of fear {unknown}
 s - a scroll of immolation {unknown}
Potions
 p - a potion of curing {unknown}


   Skills:
 + Level 1.2 Fighting
 + Level 5.0 Short Blades
 + Level 1.0 Axes
 + Level 1.0 Ranged Weapons
 + Level 0.1 Throwing
 + Level 1.6 Dodging
 + Level 0.2 Stealth
 - Level 1.0 Invocations
 + Level 2.1 Evocations


You had 3 spell levels left.
You didn't know any spells.
Your spell library was empty.

Dungeon Overview and Level Annotations

Branches:
Dungeon (2/15)

Altars:
Trog

Annotations:
D:2 Sigmund


Message History

The goblin unwields a +0 dagger.
The goblin wields a +0 sling.
The goblin shoots a sling bullet.
The sling bullet misses you.
A goblin comes into view. It is wielding a +0 dagger.
The goblin shouts!
Your +3 dagger of venom begins to drip with poison!
a - a +3 dagger of venom (weapon)
An adder comes into view.
You hear some strange, mumbled words.
Something tries to affect you, but you resist.
The goblin shoots a sling bullet.
The sling bullet hits you. Something hits you.
The goblin shoots a sling bullet.
The sling bullet closely misses you.
You hit something. You hit something. Something hits you.
You hit something. You barely miss something.
Something hits you but does no damage. The goblin misses you.
The goblin shoots a sling bullet.
You completely miss the goblin. The goblin hits you with a +0 dagger.
The goblin shoots a sling bullet.
The sling bullet completely misses you.
You barely miss something. Something hits you.
The goblin hits you with a +0 dagger.
You hit something. You closely miss the goblin.
You hear some strange, mumbled words.
You are confused.
The goblin misses you.
You bump into the rock wall.
You hear some strange, mumbled words.
A magic dart appears from out of thin air!
The magic dart hits you. The goblin barely misses you.
The goblin shoots a sling bullet.
You bump into the rock wall.
Something hits you!
* * * LOW HITPOINT WARNING * * *
The goblin misses you.
The goblin shoots a sling bullet.
The sling bullet misses you. Something hits you but does no damage.
You bump into the rock wall.
The goblin completely misses you.
You hit the goblin but do no damage.
The goblin is poisoned.
Something hits you.
You die...

.. .. .. .. ##.
.# ..# .# # .S
##.# ... #g #..#
#..#{####.#
#..$.g@...#
###### #.
##.#####.##
##~~~~## ## ..
#.#
#..###~~~~~~###.
## .### #.#
#.....~~.†.....|
.# ..# #.#
#....~~.........
.# #.# #.#
#...~....~~.....
.# #.## #.#
#...~..~~..~....
.######..###.#
#....~~....~....
....(..#..##.#
#.......⌠~~.....


You could see a goblin (very poisoned).

Vanquished Creatures
  Jessica (D:2)
  A worm (D:2)
  4 endoplasms
  2 giant cockroaches
  3 goblins
  4 hobgoblins
  4 jackals (D:1)
  A quokka (D:1)
  5 ball pythons
  5 bats
  4 frilled lizards
  3 kobolds (D:2)
  2 rats (D:1)
39 creatures vanquished.

Notes
Turn   | Place    | Note
-------+----------+-------------------------------------------
     0 | D:1      | monsoonserge the Human Wanderer began the quest for the
                  | Orb.
     0 | D:1      | monsoonserge set off with the following items: a +2 short
                  | sword, a +0 hand axe, a +0 helmet, a scroll of silence, a
                  | +0 robe.
     0 | D:1      | Reached XP level 1. HP: 15/15 MP: 1/1
   147 | D:1      | Found a faded altar of an unknown god.
   156 | D:1      | Prayed at the altar of an unknown god.
   156 | D:1      | Became a worshipper of Trog the Wrathful
   156 | D:1      | Reached * piety under Trog
   320 | D:1      | Reached XP level 2. HP: 19/21 MP: 2/2
   702 | D:1      | Reached XP level 3. HP: 22/26 MP: 3/3
   939 | D:2      | Noticed Jessica
   943 | D:2      | Killed Jessica
   944 | D:2      | Reached XP level 4. HP: 32/32 MP: 4/4
   986 | D:2      | Reached skill level 5 in Short Blades
   988 | D:2      | Reached ** piety under Trog
  1083 | D:2      | Reached skill level 1 in Ranged Weapons
  1133 | D:2      | Noticed Sigmund
  1151 | D:2      | Slain by Sigmund

Illustrated notes

Levels and vault maps discovered:
D:1:      nagdon_arrival_double_spiral, layout_loops_corners,
          hellmonk_ecumenical_altar_pennies_from_heaven
D:2:      cheibrodos_helix_gallery, layout_basic, uniq_sigmund, uniq_jessica

Skill      XL: |  1  2  3  4 |
---------------+-------------+-----
Short Blades   | 5 |  5.0
Ranged Weapons | 1 |  1.0
Fighting       | |  1.2
Axes           | |  1.0
Throwing       | |  0.1
Dodging        | |  1.6
Stealth        | |  0.2
Invocations    | |  1.0
Evocations     | |  2.1

Action                     |  1- 3 |  4- 6 || total
---------------------------+-------+-------++-------
  Melee: Short sword       |    46 |       ||    46
         Dagger            |       |    29 ||    29
   Fire: Sling             |    12 |    13 ||    25
  Throw: Dart              |     2 |       ||     2
   Stab: Sleeping          |     1 |       ||     1
 Armour: Robe              |     7 |       ||     7
         Ring mail         |     2 |     2 ||     4
  Dodge: Dodged            |    32 |    16 ||    48
